 Dungeon Crawl Stone Soup version 0.13-a0-1614-gd69a504 (console) character file.

87 Duph the Poker (level 3, -2/28 HPs)
             Began as a Merfolk Abyssal Knight on June 15, 2013.
             Was a Believer of Lugonu.
             Slain by a hobgoblin
             ... wielding a +0,+1 scythe
              (9 damage)
             ... on Level 2 of the Dungeon.
             The game lasted 00:08:18 (1324 turns).

Duph the Poker (Merfolk Abyssal Knight)             Turns: 1324, Time: 00:08:18

HP  -2/28        AC  3     Str 13      XL: 3   Next: 47%
MP   4/4         EV 11     Int 11      God: Lugonu [**....]
Gold 48          SH  0     Dex 13      Spells:  0 memorised,  2 levels left

Res.Fire  : . . .   See Invis. : .   a - +2 spear {=f}
Res.Cold  : . . .   Warding    : .   b - +0 leather armour
Life Prot.: . . .   Conserve   : .   (no shield)
Res.Poison: .       Res.Corr.  : .   (no helmet)
Res.Elec. : .       Clarity    : .   (no cloak)
Sust.Abil.: . .     Spirit.Shd : .   (no gloves)
Res.Mut.  : .       Stasis     : .   (no boots)
Res.Rott. : .       Flight     : .   (no amulet)
Saprovore : . . .                    (no ring)
                                     (no ring)

@: not resistant to hostile enchantments, unstealthy
A: change form in water, swift swim
a: Depart the Abyss, Bend Space, Renounce Religion


You were on level 2 of the Dungeon.
You worshipped Lugonu.
Lugonu was most pleased with you.
You were not hungry.

You visited 1 branch of the dungeon, and saw 2 of its levels.
You visited the Abyss 1 time.

You collected 28 gold pieces.

Inventory:

Hand weapons
 a - a +2,+2 spear (weapon) {=f}
 f - a +0,+0 dagger
 h - a +2,+0 elven dagger
 i - a +1,+0 elven spear
 k - a cursed -3,+1 orcish dagger
 m - a +0,+0 hand axe
Missiles
 d - 25 arrows
 e - 15 stones (quivered)
Armour
 b - a +0 leather armour (worn)
Comestibles
 c - 2 bread rations
Scrolls
 g - 2 scrolls of enchant weapon I {unknown}
 n - a scroll of blinking {unknown}
 o - 2 scrolls of noise {unknown}
 p - a scroll of curse weapon {unknown}
Jewellery
 j - an uncursed amulet of stasis {unknown}
 l - an uncursed ring of see invisible {unknown}


   Skills:
 - Level 3.2 Fighting
 + Level 0.0 Short Blades
   Level 0.0 Long Blades
 + Level 0.0 Axes
   Level 0.0 Maces & Flails
 * Level 4.3 Polearms
   Level 0.0 Staves
   Level 0.0 Slings
   Level 0.0 Bows
   Level 0.0 Crossbows
 + Level 0.0 Throwing
 + Level 1.3 Armour
 - Level 2.6 Dodging
 + Level 0.5 Stealth
   Level 0.0 Stabbing
   Level 0.0 Shields
 + Level 0.0 Traps
 + Level 0.0 Unarmed Combat
 + Level 0.0 Spellcasting
   Level 0.0 Conjurations
   Level 0.0 Hexes
   Level 0.0 Charms
   Level 0.0 Summonings
   Level 0.0 Necromancy
   Level 0.0 Translocations
   Level 0.0 Transmutations
   Level 0.0 Fire Magic
   Level 0.0 Ice Magic
   Level 0.0 Air Magic
   Level 0.0 Earth Magic
   Level 0.0 Poison Magic
 + Level 2.4 Invocations
   Level 0.0 Evocations


You had 2 spell levels left.
You didn't know any spells.

Dungeon Overview and Level Annotations

Branches:
Dungeon (2/27)

Altars:


Message History

A hobgoblin comes into view. It is wielding a scythe.
You hit the hobgoblin but do no damage.
The hobgoblin is moderately wounded.
The hobgoblin hits you with a scythe.
* * * LOW HITPOINT WARNING * * *
You hit the hobgoblin.
The hobgoblin is heavily wounded.
You hit the hobgoblin.
You kill the hobgoblin!
Lugonu accepts your kill.
The goblin shoots a stone.
The stone misses you.
The stone hits the hobgoblin.
The goblin unwields an uncursed sling.
The goblin misses you.
Things that are here:
a scythe; a robe; a hobgoblin corpse You closely miss the goblin.
The goblin closely misses you. The hobgoblin misses you.
You closely miss the goblin. The goblin hits you but does no damage.
You closely miss the goblin.
The hobgoblin hits you from afar with a scythe!
You die...

.... #.##.....
#.... ... .....
#...? #.# ....#
##...##.##.##.#
+#..........##.#
#......(...# #.#
#..#........#
#g# #......g.#
#(# .....#...#.#
#@#
.........#.###g#
.#..#...#g....#
####...#....(#
#.# #.###.....#
#.# #. #...##.#
#.# #. #...##.#
#.# # #...##.#
#.# #. ##.###.#
#.#


You could see a hobgoblin and a goblin.

Vanquished Creatures
  An adder (D:2)
  A giant gecko (D:2)
  6 goblins
  5 hobgoblins
  3 jackals (D:1)
  A ball python (D:1)
  3 bats (D:1)
  3 giant newts
  2 kobolds (D:1)
  6 rats
31 creatures vanquished.

Vanquished Creatures (others)
  A bat (D:2)
  2 jackals (D:1)
3 creatures vanquished.

Grand Total: 34 creatures vanquished

Notes
Turn   | Place    | Note
--------------------------------------------------------------
     0 | Abyss:1  | Duph, the Merfolk Abyssal Knight, began the quest for the Orb.
     0 | Abyss:1  | Reached XP level 1. HP: 16/16 MP: 1/1
     9 | D:1      | Escaped the Abyss
   195 | D:1      | Reached XP level 2. HP: 19/22 MP: 2/2
   218 | D:1      | Acquired Lugonu's second power
   793 | D:1      | Reached skill level 1 in Armour
   986 | D:2      | Reached skill level 4 in Polearms
   986 | D:2      | Reached XP level 3. HP: 22/28 MP: 4/4
  1324 | D:2      | Slain by a hobgoblin

Action                   || total
-------------------------++-------
Melee: Spear             ||    90
  Use: Potion            ||     2
 Stab: Invisible         ||     1
